[Event "ICC tourney 2715 (40 10)"]
[Site "Internet Chess Club"]
[Date "2021.10.23"]
[Round "1"]
[White "Fong, Kevin:kleong12"]
[Black "MENON, ROHAN Dileep:KIDFIRE"]
[Result "1-0"]
[ICCResult "Black checkmated"]
[WhiteElo "1759"]
[BlackElo "1542"]
[Opening "Caro-Kann: two knights variation"]
[ECO "B10"]
[NIC "CK.01"]
[Time "11:00:58"]
[PlyCount "43"]
[TimeControl "2400+10"]

1. e4 c6 2. Nf3 d5 3. Nc3 e6 4. Be2 Bc5 5. d4 Bb4 6. e5 Ne7 7. O-O O-O 8.
Bd3 h6 9. Ne2 Nf5 10. c3 Ba5 11. Bc2 Na6 12. b4 Bc7 13. Qd3 Bd7 14. g4 g6
15. gxf5 exf5 16. Bxh6 Re8 17. Bg5 Qc8 18. Qe3 Kg7 19. Bf6+ Kh7 20. Ng5+ Kg8
21. Qh3 Bxe5 22. Qh8# {Black checkmated} 1-0

[Event "ICC tourney 2715 (40 10)"]
[Site "Internet Chess Club"]
[Date "2021.10.23"]
[Round "1"]
[White "JAMMALAMADAKA, VIHAAN:smashattack"]
[Black "TREUSDELL, ROSS G:IveDoneEnough"]
[Result "1-0"]
[ICCResult "Black checkmated"]
[WhiteElo "1550"]
[BlackElo "1797"]
[Opening "Grünfeld: exchange variation"]
[ECO "D85"]
[NIC "GI.04"]
[Time "11:01:00"]
[PlyCount "49"]
[TimeControl "2400+10"]

1. d4 Nf6 2. c4 g6 3. Nc3 d5 4. cxd5 Nxd5 5. e4 Nxc3 6. bxc3 Bg7 7. Bb5+ Bd7
8. Be2 c5 9. Nf3 cxd4 10. cxd4 O-O 11. O-O e6 12. Rb1 Bc6 13. Ba3 Re8 14.
Bb5 Qa5 15. Qd3 Rd8 16. Bxc6 Nxc6 17. Rxb7 Nxd4 18. Nxd4 Rxd4 19. Qf3 f6 20.
Bb2 Rb4 21. Rxg7+ Kxg7 22. Qxf6+ Kh6 23. Bc1+ Kh5 24. Qf3+ Kh4 25. Qh3#
{Black checkmated}
1-0

[Event "ICC tourney 2715 (40 10)"]
[Site "Internet Chess Club"]
[Date "2021.10.23"]
[Round "1"]
[White "OPASKA, MICHAEL:mopaska1106"]
[Black "DHURJATI, ANAGHA:amdink"]
[Result "1-0"]
[ICCResult "Black checkmated"]
[WhiteElo "1845"]
[BlackElo "1566"]
[Opening "Grünfeld: exchange, Spassky variation"]
[ECO "D87"]
[NIC "GI.05"]
[Time "11:01:49"]
[PlyCount "63"]
[TimeControl "2400+10"]

1. d4 Nf6 2. c4 g6 3. Nc3 d5 4. cxd5 Nxd5 5. e4 Nxc3 6. bxc3 Bg7 7. Bc4 c5
8. Ne2 O-O 9. h4 h5 10. Be3 Nc6 11. O-O Na5 12. Bd3 c4 13. Bc2 Nc6 14. Qd2
Kh7 15. e5 Qd7 16. f3 Rd8 17. Rfd1 f6 18. e6 Qe8 19. Nf4 f5 20. g4 Ne5 21.
Qg2 Nd3 22. Rxd3 cxd3 23. Bxd3 Bh6 24. gxf5 Bxf4 25. Bxf4 Rd5 26. Qg5 Rxf5
27. Qh6+ Kg8 28. Bxf5 gxf5 29. Kf2 Bxe6 30. Rg1+ Qg6 31. Qxg6+ Kf8 32. Bh6#
{Black checkmated}
1-0

[Event "ICC tourney 2715 (40 10)"]
[Site "Internet Chess Club"]
[Date "2021.10.23"]
[Round "1"]
[White "VALE CRUZ, ARMIN:trucker"]
[Black "MOSS, MARVIN:mmoss2932"]
[Result "1-0"]
[ICCResult "Black resigns"]
[WhiteElo "1687"]
[BlackElo "1459"]
[Opening "Réti opening"]
[ECO "A05"]
[NIC "QP.11"]
[Time "11:01:05"]
[PlyCount "51"]
[TimeControl "2400+10"]

1. Nf3 Nf6 2. g3 d5 3. Bg2 e6 4. d3 Bd6 5. c3 O-O 6. Nbd2 c6 7. Qc2 Nbd7 8.
O-O e5 9. e4 Qc7 10. Re1 dxe4 11. dxe4 Re8 12. a4 a5 13. h3 b6 14. Nc4 Bc5
15. Bd2 Ba6 16. Ne3 Rad8 17. b4 axb4 18. cxb4 Bf8 19. Nf5 g6 20. Nh6+ Kg7
21. Ng5 Re7 22. Rec1 Nb8 23. Be3 Bd3 24. Qb3 Red7 25. Nhxf7 Rxf7 26. Ne6+
{Black resigns}
1-0

[Event "ICC tourney 2715 (40 10)"]
[Site "Internet Chess Club"]
[Date "2021.10.23"]
[Round "1"]
[White "CAO, RAY:rcww2020"]
[Black "GILLMAN, JONES:JonesGill"]
[Result "1-0"]
[ICCResult "Black checkmated"]
[WhiteElo "1620"]
[BlackElo "1427"]
[Opening "Bishop's opening: Classical variation"]
[ECO "C23"]
[NIC "IG.04"]
[Time "11:01:02"]
[PlyCount "161"]
[TimeControl "2400+10"]

1. e4 e5 2. Bc4 Bc5 3. Nc3 Nf6 4. d3 h6 5. h3 Nc6 6. Nge2 Na5 7. Bb3 Nxb3 8.
axb3 O-O 9. O-O d6 10. Be3 Bb4 11. f4 c6 12. f5 d5 13. Bf2 b6 14. Bh4 Be7
15. Qe1 Bb7 16. Bxf6 Bxf6 17. Qg3 c5 18. Qf3 dxe4 19. Nxe4 Bxe4 20. Qxe4 Qd6
21. c4 Rfd8 22. Rfd1 a5 23. Nc3 Qd4+ 24. Qxd4 exd4 25. Nd5 Rd6 26. Re1 Bg5
27. Re4 Rad8 28. Rae1 Be3+ 29. Kh2 Kf8 30. Rf1 Bg5 31. h4 Bf6 32. Rfe1 Rc6
33. Kh3 Rcd6 34. g4 Rb8 35. Nxf6 Rxf6 36. Re7 h5 37. Ra7 hxg4+ 38. Kxg4 Re8
39. Rxe8+ Kxe8 40. Ra8+ Kd7 41. Rg8 g6 42. fxg6 fxg6 43. Kg5 Rf2 44. Rxg6
Rg2+ 45. Kh6 Rh2 46. h5 Rh3 47. Rxb6 Rxd3 48. Kg7 Rg3+ 49. Rg6 Rh3 50. h6 d3
51. h7 d2 52. Rg1 Rg3+ 53. Rxg3 d1=Q 54. h8=Q Qd4+ 55. Kg8 Qe4 56. Qg7+ Kc8
57. Qf8+ Kb7 58. Rg7+ Kb6 59. Qf6+ Qc6 60. Qxc6+ Kxc6 61. Rg3 Kd6 62. Kf7
Ke5 63. Rc3 Kd4 64. Ke6 Ke4 65. Kd6 Kd4 66. Rh3 Ke4 67. Kxc5 Kf4 68. Kb5 Kf5
69. Kxa5 Ke5 70. Rd3 Ke6 71. c5 Ke7 72. c6 Ke6 73. c7 Ke7 74. c8=R Kf6 75.
Rc1 Kf5 76. Rd8 Ke4 77. Re1+ Kf3 78. Re7 Kg2 79. Rf8 Kg3 80. Rg7+ Kh3 81.
Rh8# {Black checkmated} 1-0

[Event "ICC tourney 2715 (40 10)"]
[Site "Internet Chess Club"]
[Date "2021.10.23"]
[Round "1"]
[White "TANG, VINCENT:VincentT2008"]
[Black "CHAN, ETHAN:ChessyEthan"]
[Result "1-0"]
[ICCResult "Black checkmated"]
[WhiteElo "1614"]
[BlackElo "1382"]
[Opening "QGD Slav defense"]
[ECO "D13"]
[NIC "SL.01"]
[Time "11:01:01"]
[PlyCount "133"]
[TimeControl "2400+10"]

1. d4 d5 2. c4 c6 3. Nc3 Nf6 4. cxd5 cxd5 5. Nf3 Nc6 6. Bf4 e6 7. e3 Bd6 8.
Bxd6 Qxd6 9. Be2 O-O 10. O-O a6 11. a3 b5 12. b4 Ne7 13. Nd2 Nf5 14. Nb3 Nd7
15. Nc5 Nxc5 16. bxc5 Qc7 17. Qb3 Bd7 18. Rfb1 Rfb8 19. Bd3 Ne7 20. Qc2 h6
21. f3 Nc6 22. Na2 Na5 23. e4 Nc4 24. Bxc4 bxc4 25. Nc3 Bc6 26. e5 Qa5 27.
a4 Qd8 28. f4 Qh4 29. g3 Qg4 30. Kg2 Qg6 31. Qxg6 fxg6 32. a5 Kf7 33. Rb6
Rxb6 34. axb6 Ke7 35. Ra5 Kd7 36. Kf2 Bb7 37. Ke3 Rf8 38. Na2 Ra8 39. Nb4 g5
40. fxg5 hxg5 41. Kf3 Rh8 42. Nxa6 Rxh2 43. Nb4 Rb2 44. c6+ Bxc6 45. Ra7+
Ke8 46. Nxc6 Rxb6 47. Na5 Rb5 48. Ke3 Kd8 49. Nb7+ Kc7 50. Nd6+ Kb6 51. Rb7+
Ka6 52. Rxb5 g6 53. Rc5 g4 54. Rc6+ Ka5 55. Nb7+ Kb5 56. Rxe6 g5 57. Rd6 c3
58. Rxd5+ Kb4 59. Rc5 Kb3 60. Kd3 c2 61. Rxc2 Kb4 62. e6 Kb5 63. e7 Kb4 64.
e8=Q Ka3 65. Qc6 Kb4 66. Qc4+ Ka3 67. Ra2# {Black checkmated} 1-0

[Event "ICC tourney 2715 (40 10)"]
[Site "Internet Chess Club"]
[Date "2021.10.23"]
[Round "1"]
[White "XU, JOEY:JoeyXu"]
[Black "Mason, Mike W:MikeWMason"]
[Result "0-1"]
[ICCResult "White checkmated"]
[WhiteElo "1391"]
[BlackElo "1614"]
[Opening "Sicilian: accelerated fianchetto, modern variation"]
[ECO "B34"]
[NIC "SI.44"]
[Time "11:01:49"]
[PlyCount "54"]
[TimeControl "2400+10"]

1. e4 c5 2. Nc3 Nc6 3. Nf3 g6 4. d4 cxd4 5. Nxd4 Bg7 6. Be3 Nf6 7. f3 O-O 8.
Qd2 d5 9. O-O-O dxe4 10. Nxe4 Nxe4 11. fxe4 Nxd4 12. Bxd4 Bg4 13. Bxg7 Qxd2+
14. Rxd2 Kxg7 15. h3 Be6 16. a3 Rfd8 17. Bd3 Rac8 18. Rf1 Rc5 19. b4 Rc3 20.
Kb2 Rdc8 21. e5 b6 22. Ba6 R8c7 23. Rd3 Rxc2+ 24. Kb1 Rxg2 25. Rdf3 Rh2 26.
Rc1 Ba2+ 27. Ka1 Rxc1# {White checkmated} 0-1

[Event "ICC tourney 2715 (40 10)"]
[Site "Internet Chess Club"]
[Date "2021.10.23"]
[Round "1"]
[White "WU, WINSTON:K01-30022609"]
[Black "BRUDNO, STEPHEN:StevChess01"]
[Result "0-1"]
[ICCResult "White checkmated"]
[WhiteElo "1351"]
[BlackElo "1607"]
[Opening "Sicilian: Alapin's variation (2.c3)"]
[ECO "B22"]
[NIC "SI.46"]
[Time "11:01:02"]
[PlyCount "130"]
[TimeControl "2400+10"]

1. e4 c5 2. c3 d5 3. exd5 Qxd5 4. d4 Nc6 5. Nf3 Bg4 6. Be2 e6 7. O-O Nf6 8.
h3 Bh5 9. Re1 Be7 10. Na3 Qd8 11. Be3 cxd4 12. cxd4 O-O 13. Nc2 Nd5 14. a3
Rc8 15. Rc1 Na5 16. b4 Nc4 17. Bxc4 Rxc4 18. Bd2 Nc3 19. Bxc3 Rxc3 20. Re3
Rc7 21. Qd3 Bg6 22. Qd2 Qc8 23. Re2 h6 24. Kh1 Rd8 25. Kg1 Rd6 26. Ne5 Bh7
27. Kh1 Bf6 28. Nf3 Bg5 29. Nxg5 hxg5 30. Kg1 Rdc6 31. Qxg5 Rxc2 32. Rexc2
Rxc2 33. Rxc2 Bxc2 34. Qg4 Bf5 35. Qd1 Qc3 36. d5 e5 37. d6 Qd4 38. Qxd4
exd4 39. g4 Bd7 40. Kf1 f6 41. Ke2 Bb5+ 42. Kd2 Kf7 43. a4 Bxa4 44. Kd3 Ke6
45. Kxd4 Kxd6 46. f4 Bd7 47. f5 a6 48. h4 b6 49. h5 a5 50. b5 Ke7 51. Kc4
Be8 52. g5 fxg5 53. f6+ Kxf6 54. h6 gxh6 55. Kd4 Bxb5 56. Kc3 g4 57. Kd4 g3
58. Ke4 g2 59. Kf3 g1=Q 60. Kf4 Qd4+ 61. Kg3 Bc6 62. Kh2 Qd3 63. Kg1 Qd2 64.
Kf1 Bd5 65. Kg1 Qg2# {White checkmated} 0-1

[Event "ICC tourney 2715 (40 10)"]
[Site "Internet Chess Club"]
[Date "2021.10.23"]
[Round "1"]
[White "Stricker, Paul A:PStricker"]
[Black "VIDENA, DANIEL TUAPEN:Davide25"]
[Result "0-1"]
[ICCResult "White resigns"]
[WhiteElo "1442"]
[BlackElo "1651"]
[Opening "Nimzo-Indian: 4.e3, main line with 8...Bxc3"]
[ECO "E58"]
[NIC "NI.02"]
[Time "11:01:05"]
[PlyCount "48"]
[TimeControl "2400+10"]

1. d4 Nf6 2. c4 e6 3. Nc3 Bb4 4. Nf3 c5 5. e3 O-O 6. Bd3 Nc6 7. O-O d5 8. a3
Bxc3 9. bxc3 b6 10. Re1 Qc7 11. e4 dxe4 12. Bxe4 Nxe4 13. Rxe4 Rd8 14. Bf4
Qd7 15. Qd3 Bb7 16. Rd1 Na5 17. Re3 f6 18. Re2 Ba6 19. Nd2 cxd4 20. cxd4
Qxd4 21. Qxd4 Rxd4 22. Bg3 Rad8 23. f3 Nxc4 24. Be1 Nb2 {White resigns} 0-1

[Event "ICC tourney 2715 (40 10)"]
[Site "Internet Chess Club"]
[Date "2021.10.23"]
[Round "1"]
[White "WU, EVERETT:EW2006"]
[Black "Liao, Connor:che2468"]
[Result "1-0"]
[ICCResult "Black checkmated"]
[WhiteElo "1606"]
[BlackElo "1343"]
[Opening "Sicilian: Canal-Sokolsky (Nimzovich-Rossolimo, Moscow) attack"]
[ECO "B51"]
[NIC "SI.01"]
[Time "11:01:02"]
[PlyCount "149"]
[TimeControl "2400+10"]

1. e4 c5 2. Nf3 d6 3. Bb5+ Nc6 4. O-O Bd7 5. d4 cxd4 6. Nxd4 Nf6 7. Bxc6
bxc6 8. f3 e6 9. Kh1 Be7 10. Nb3 O-O 11. c4 Qc7 12. Nc3 a5 13. Be3 Rfb8 14.
Rb1 Ne8 15. Nd4 e5 16. Nde2 f5 17. f4 g6 18. fxe5 dxe5 19. c5 Nf6 20. Bg5
Rf8 21. Qd3 Bxc5 22. Qc4+ Kg7 23. Bxf6+ Rxf6 24. Qxc5 Raf8 25. Nd5 Qd6 26.
Qxd6 Rxd6 27. Ndc3 Bc8 28. Rbd1 Rdf6 29. exf5 Bxf5 30. Ng3 Bc2 31. Rxf6 Rxf6
32. Rf1 Rxf1+ 33. Nxf1 e4 34. Kg1 Kf6 35. Kf2 Ke5 36. Ke3 Bd3 37. Nd2 h6 38.
Ndxe4 Bf1 39. g3 Bg2 40. Nf2 Bf1 41. Ng4+ Kd6 42. Nxh6 Bc4 43. h4 Be6 44. g4
Ke7 45. a3 Kf6 46. Ne4+ Kg7 47. g5 Kf8 48. Kd4 Ke7 49. Kc5 Kd7 50. Kb6 Bd5
51. Nf6+ Kd6 52. Nxd5 cxd5 53. Kxa5 d4 54. Kb4 Ke5 55. Ng4+ Ke4 56. Kc4 Kf4
57. h5 Kxg5 58. hxg6 Kxg6 59. a4 Kf7 60. a5 Ke7 61. b4 Kd7 62. Kxd4 Kc7 63.
Kc5 Kb7 64. b5 Ka7 65. Kc6 Kb8 66. b6 Ka8 67. b7+ Kb8 68. a6 Ka7 69. Kc7
Kxa6 70. b8=Q Ka5 71. Kc6 Ka4 72. Kc5 Ka3 73. Kc4 Ka2 74. Kc3 Ka1 75. Qb2#
{Black checkmated}
1-0

[Event "ICC tourney 2715 (40 10)"]
[Site "Internet Chess Club"]
[Date "2021.10.23"]
[Round "1"]
[White "MAZUMDAR, SHAURYA:raremystery"]
[Black "BARANI, HRUSHIKESAN:Hrushichess"]
[Result "1-0"]
[ICCResult "Black resigns"]
[WhiteElo "1681"]
[BlackElo "1449"]
[Opening "French: Tarrasch"]
[ECO "C03"]
[NIC "FR.14"]
[Time "11:00:58"]
[PlyCount "69"]
[TimeControl "2400+10"]

1. e4 e6 2. d4 d5 3. Nd2 Be7 4. Bd3 c5 5. c3 Nc6 6. Ne2 cxd4 7. cxd4 Qb6 8.
Nf3 Nf6 9. e5 Nd7 10. O-O h6 11. b3 O-O 12. Bb1 f5 13. exf6 Nxf6 14. Nf4 Bd6
15. Ng6 Rf7 16. Be3 Ng4 17. Re1 Bb4 18. Bd2 Nxd4 19. Be3 Nxe3 20. Rxe3 Nxf3+
21. gxf3 Bc5 22. Re2 Bd4 23. Ne5 Rf6 24. Qd3 Rf5 25. Ng6 Rg5+ 26. Kf1 Bxa1
27. Ne7+ Kf8 28. Ng6+ Ke8 29. f4 Bd7 30. fxg5 Bb5 31. Rxe6+ Qxe6 32. Qxb5+
Qc6 33. Qe2+ Kd8 34. Qe7+ Kc8 35. Bf5+ {Black resigns} 1-0

[Event "ICC tourney 2715 (40 10)"]
[Site "Internet Chess Club"]
[Date "2021.10.23"]
[Round "1"]
[White "MOGILEVSKI, PETE:pmogilevski"]
[Black "BONDALAPATI, SRI VIBHAV:Vibhu11"]
[Result "1/2-1/2"]
[ICCResult "Game drawn by mutual agreement"]
[WhiteElo "1531"]
[BlackElo "1742"]
[Opening "Sicilian: accelerated fianchetto, modern variation"]
[ECO "B76"]
[NIC "SI.33"]
[Time "11:01:00"]
[PlyCount "84"]
[TimeControl "2400+10"]

1. e4 c5 2. Nf3 Nc6 3. d4 cxd4 4. Nxd4 g6 5. Nc3 Bg7 6. Be3 d6 7. Qd2 Nf6 8.
f3 O-O 9. Be2 a6 10. O-O Bd7 11. Nb3 Re8 12. a3 Rc8 13. Rfd1 Ne5 14. Qd4 Nh5
15. Qb6 Qxb6 16. Bxb6 Nf4 17. Bf1 Nc4 18. Bxc4 Rxc4 19. Bd4 Bxd4+ 20. Rxd4
Rec8 21. Kf2 b5 22. Rad1 Ne6 23. R4d2 Kf8 24. e5 Nf4 25. exd6 exd6 26. Rxd6
Bf5 27. Rd8+ Rxd8 28. Rxd8+ Kg7 29. Rd2 b4 30. axb4 Rxb4 31. Rd4 Rxd4 32.
Nxd4 Bd7 33. Nce2 Nd5 34. c3 Nb6 35. b4 f5 36. f4 Kf6 37. h4 Ke7 38. Ke3 Kd6
39. Kd3 Na4 40. c4 Nb2+ 41. Kc3 Nd1+ 42. Kb3 Ne3
{Game drawn by mutual agreement}
1/2-1/2

[Event "ICC tourney 2715 (40 10)"]
[Site "Internet Chess Club"]
[Date "2021.10.23"]
[Round "1"]
[White "ZHUGE, KATHERINE:FlowingMelody"]
[Black "WILLY, STEPHEN:stephenwilly"]
[Result "0-1"]
[ICCResult "White resigns"]
[WhiteElo "1452"]
[BlackElo "1685"]
[Opening "Ruy Lopez: Berlin defense, open variation"]
[ECO "C67"]
[NIC "RL.07"]
[Time "11:01:00"]
[PlyCount "92"]
[TimeControl "2400+10"]

1. e4 e5 2. Nf3 Nc6 3. Bb5 Nf6 4. O-O Nxe4 5. d4 Nd6 6. Bxc6 dxc6 7. dxe5
Nf5 8. Qxd8+ Kxd8 9. Nc3 Be7 10. b3 h6 11. Bb2 Be6 12. Rad1+ Kc8 13. Ne2 c5
14. Nf4 Bd7 15. h3 Re8 16. Rd2 Bc6 17. Nd5 Bd8 18. Rfd1 b6 19. c4 a5 20. Re1
Kb7 21. a4 Be7 22. Rde2 Rad8 23. Rd1 Bf8 24. Nh2 Ne7 25. Red2 Ng6 26. Nf3
Rd7 27. Kh1 Red8 28. Kg1 Kc8 29. Nh2 Nf4 30. Ng4 Nxd5 31. cxd5 Bxd5 32. Rd3
Bxb3 33. Rxd7 Rxd7 34. Rxd7 Kxd7 35. Kf1 Bxa4 36. Ke1 Bc6 37. Kd2 Bxg2 38.
h4 Ke6 39. f4 Be7 40. h5 Bf3 41. Ne3 f5 42. exf6 Bxf6 43. f5+ Ke7 44. Bxf6+
Kxf6 45. Kc3 Ke5 46. Kd3 Bxh5 {White resigns} 0-1

[Event "ICC tourney 2715 (40 10)"]
[Site "Internet Chess Club"]
[Date "2021.10.23"]
[Round "1"]
[White "DIAO, MATTHEW GUO:MatthewDiao"]
[Black "THAIN, JACK:jt1819"]
[Result "1-0"]
[ICCResult "Black resigns"]
[WhiteElo "1510"]
[BlackElo "1719"]
[Opening "Bogo-Indian defense, Nimzovich variation"]
[ECO "E11"]
[NIC "QI.01"]
[Time "11:01:24"]
[PlyCount "70"]
[TimeControl "2400+10"]

1. d4 Nf6 2. c4 e6 3. Nf3 Bb4+ 4. Bd2 Qe7 5. a3 Bxd2+ 6. Qxd2 d6 7. Nc3 O-O
8. e3 e5 9. Be2 e4 10. Ng1 Bf5 11. Bd1 Nc6 12. Nge2 Rad8 13. Ng3 Bg6 14. O-O
Rfe8 15. Re1 d5 16. cxd5 Nxd5 17. f3 exf3 18. Nxd5 Rxd5 19. Bxf3 Rd6 20.
Rad1 b6 21. Qc3 Nb8 22. e4 Rdd8 23. e5 f6 24. exf6 Qxf6 25. Rxe8+ Bxe8 26.
Qxc7 Rxd4 27. Bd5+ Kf8 28. Rf1 Rxd5 29. Qxb8 Qxf1+ 30. Kxf1 Rd7 31. Qe5 Re7
32. Qd6 Kf7 33. Nf5 Bb5+ 34. Kf2 Re6 35. Qd5 Kf6 {Black resigns} 1-0

[Event "ICC tourney 2715 (40 10)"]
[Site "Internet Chess Club"]
[Date "2021.10.23"]
[Round "1"]
[White "STONE, ZEKARI TERELL:Checkmatestone"]
[Black "PU, LANDON:landonp"]
[Result "0-1"]
[ICCResult "White resigns"]
[WhiteElo "1801"]
[BlackElo "1557"]
[Opening "Giuoco Piano"]
[ECO "C54"]
[NIC "IG.02"]
[Time "11:00:58"]
[PlyCount "124"]
[TimeControl "2400+10"]

1. e4 e5 2. Nf3 Nc6 3. Bc4 Bc5 4. c3 Nf6 5. d4 exd4 6. cxd4 Bb4+ 7. Bd2 Nxe4
8. Bxb4 Nxb4 9. d5 O-O 10. O-O Nf6 11. a3 Na6 12. Nc3 d6 13. h3 Bf5 14. Qd4
Nc5 15. Rfe1 a5 16. Re2 Qd7 17. Rae1 Rfe8 18. b4 Rxe2 19. Rxe2 axb4 20. axb4
Na6 21. Ra2 Qe8 22. Nb5 Rc8 23. Na7 Rb8 24. Bxa6 bxa6 25. Nc6 Rb6 26. Na5
Qe4 27. Qxe4 Bxe4 28. Re2 Bxf3 29. gxf3 Rxb4 30. Re7 Rb5 31. Rxc7 h6 32. Nc6
Rc5 33. Ra7 Nxd5 34. Rxa6 Nc7 35. Rb6 Rb5 36. Rxb5 Nxb5 37. Kf1 f6 38. Ke2
Kf7 39. Kd3 Ke6 40. Ke4 d5+ 41. Kd3 Kd6 42. Nb4 Ke5 43. Nc2 Kf4 44. Ne1 Nd6
45. Kd4 Nf5+ 46. Kxd5 Nh4 47. Ke6 Nxf3 48. Ng2+ Kg5 49. Kf7 g6 50. Ke6 f5
51. Kd5 Ng1 52. h4+ Kg4 53. Ke5 Nf3+ 54. Kf6 Nxh4 55. Nxh4 Kxh4 56. Kxg6 Kg4
57. Kxh6 f4 58. Kg6 f3 59. Kf6 Kh3 60. Ke5 Kg2 61. Ke4 Kxf2 62. Kf4 Kg2
{White resigns}
0-1

[Event "ICC tourney 2715 (40 10)"]
[Site "Internet Chess Club"]
[Date "2021.10.23"]
[Round "1"]
[White "SULTAN, BASHIR Cisse:muzikmixer"]
[Black "KURBANOV, ABROR:Abror"]
[Result "0-1"]
[ICCResult "White resigns"]
[WhiteElo "1561"]
[BlackElo "1805"]
[Opening "Sicilian: accelerated fianchetto, Maróczy bind, 6.Be3"]
[ECO "B38"]
[NIC "EO.64"]
[Time "11:01:00"]
[PlyCount "78"]
[TimeControl "2400+10"]

1. c4 c5 2. Nf3 Nc6 3. d4 cxd4 4. Nxd4 g6 5. e4 Bg7 6. Be3 Nf6 7. Nc3 O-O 8.
Be2 d6 9. h3 Bd7 10. O-O Nxd4 11. Bxd4 Bc6 12. Qd3 a5 13. Rac1 Nd7 14. Bxg7
Kxg7 15. Qd4+ Kg8 16. Nd5 Bxd5 17. cxd5 Nc5 18. Bb5 a4 19. e5 Qb6 20. Bd3
Rac8 21. e6 f6 22. b4 axb3 23. axb3 Qxb3 24. Rc3 Nxe6 25. Rxb3 Nxd4 26. Rxb7
Kf7 27. Ra1 Rb8 28. Rxb8 Rxb8 29. Ra4 Nb3 30. Ra7 Nc5 31. Be2 Rb2 32. Bf3
Rd2 33. Ra1 Nd3 34. Rd1 Rxd1+ 35. Bxd1 f5 36. Kf1 Kf6 37. Bc2 Nb4 38. Bb3
Ke5 39. g3 Nxd5 {White resigns} 0-1

[Event "ICC tourney 2715 (40 10)"]
[Site "Internet Chess Club"]
[Date "2021.10.23"]
[Round "1"]
[White "CAI, ALAN ZHUOCHENG:flying-ninja"]
[Black "SARAFUDINOV, ANDREY:whyyoutrysohard"]
[Result "1-0"]
[ICCResult "Black resigns"]
[WhiteElo "1379"]
[BlackElo "1611"]
[Opening "Sicilian: dragon variation"]
[ECO "B70"]
[NIC "SI.15"]
[Time "11:00:57"]
[PlyCount "99"]
[TimeControl "2400+10"]

1. e4 c5 2. Nf3 d6 3. d4 cxd4 4. Nxd4 Nf6 5. Nc3 g6 6. h3 Bg7 7. Be3 O-O 8.
Qd2 Nc6 9. O-O-O Bd7 10. g4 Rc8 11. Be2 Ne5 12. g5 Nh5 13. Bxh5 Nc4 14. Qe2
Nxe3 15. fxe3 gxh5 16. Qxh5 b5 17. Qf3 e6 18. h4 Qa5 19. Kb1 b4 20. Nce2 e5
21. Nf5 Bxf5 22. Qxf5 Qa4 23. b3 Qa3 24. Rd2 Rc6 25. h5 Qa5 26. g6 h6 27.
gxf7+ Rxf7 28. Qg6 Qc7 29. Rg1 Kh8 30. Ng3 d5 31. Qg4 dxe4 32. Nf5 Rcf6 33.
Nxg7 Rxg7 34. Qd1 Rxg1 35. Qxg1 Qf7 36. Rd8+ Kh7 37. Kb2 Rf5 38. Rg8 Rxh5
39. Rd8 Rg5 40. Qd1 Rg7 41. Qd6 Qe7 42. Qb8 Qc5 43. Rh8+ Kg6 44. Qe8+ Kg5
45. Qd8+ Qe7 46. Qd5 Qc7 47. Qd2 Qe7 48. Qg2+ Kh5 49. Qh3+ Qh4 50. Rxh6+
{Black resigns}
1-0

[Event "ICC tourney 2715 (40 10)"]
[Site "Internet Chess Club"]
[Date "2021.10.23"]
[Round "1"]
[White "PUPPALLA, PRANAY:checkmate1823"]
[Black "Feng, Jay:TheDeadlyPawn"]
[Result "1-0"]
[ICCResult "Black forfeits on time"]
[WhiteElo "1611"]
[BlackElo "1358"]
[Opening "Queen's pawn: London system"]
[ECO "A45"]
[NIC "QP.07"]
[Time "11:01:02"]
[PlyCount "113"]
[TimeControl "2400+10"]

1. d4 Nf6 2. Bf4 e6 3. e3 d5 4. Nf3 c5 5. c3 Nc6 6. Bd3 Qb6 7. Qc1 Be7 8. h3
O-O 9. Nbd2 c4 10. Bc2 Bd7 11. O-O Rfc8 12. e4 a5 13. a4 Qa6 14. Re1 b5 15.
axb5 Qxb5 16. Ba4 Qa6 17. exd5 Nxd5 18. Bh2 Ra7 19. Ne4 Qb6 20. Re2 h6 21.
Ne5 Nxe5 22. Bxe5 Bxa4 23. Rxa4 Qb5 24. Qa1 Nb6 25. Ra2 a4 26. Bd6 Qd7 27.
Bxe7 Qxe7 28. Nc5 Rxc5 29. dxc5 Qxc5 30. Ra3 Qb5 31. Qd1 Nd5 32. g3 Qc6 33.
Rd2 Qb5 34. Qc2 Qc6 35. Rd4 Qb5 36. Qe2 Rc7 37. Rd1 Rc6 38. Rda1 Ra6 39.
R1a2 Qc6 40. Qd1 Nb6 41. Qd8+ Kh7 42. Qe7 Qe4 43. Qxf7 Qe1+ 44. Kg2 Ra5 45.
Qf3 Rf5 46. Qe3 Qxe3 47. fxe3 Nd5 48. h4 Nxe3+ 49. Kh3 Rf3 50. Rxa4 Nf5 51.
Rxc4 Rxg3+ 52. Kh2 Rd3 53. b4 Ne3 54. Rc8 Ng4+ 55. Kg2 e5 56. b5 Ne3+ 57.
Kf2 {Black forfeits on time} 1-0

[Event "ICC tourney 2715 (40 10)"]
[Site "Internet Chess Club"]
[Date "2021.10.23"]
[Round "2"]
[White "BARANI, HRUSHIKESAN:Hrushichess"]
[Black "STONE, ZEKARI TERELL:Checkmatestone"]
[Result "1-0"]
[ICCResult "Black resigns"]
[WhiteElo "1449"]
[BlackElo "1801"]
[Opening "Scotch gambit"]
[ECO "C44"]
[NIC "SO.06"]
[Time "13:15:41"]
[PlyCount "87"]
[TimeControl "2400+10"]

1. e4 e5 2. Nf3 Nc6 3. d4 exd4 4. Bc4 d6 5. Nxd4 Nxd4 6. Qxd4 Qf6 7. Qd3 g6
8. O-O Bg7 9. c3 Ne7 10. Be3 O-O 11. Nd2 Nc6 12. Nf3 Bg4 13. Bg5 Ne5 14.
Bxf6 Nxd3 15. Bxg7 Nxb2 16. Bxf8 Nxc4 17. Bh6 f6 18. Bf4 g5 19. Bg3 Bxf3 20.
gxf3 Nd2 21. Rfd1 Nxf3+ 22. Kg2 Ne5 23. Bxe5 fxe5 24. Rab1 b6 25. Rd3 Kg7
26. Kg3 Kg6 27. h4 h6 28. hxg5 hxg5 29. Rh1 Rf8 30. f3 a5 31. a4 Kg7 32. Rd2
Rf4 33. Rdh2 g4 34. Rh7+ Kg6 35. R1h6+ Kg5 36. fxg4 Rxe4 37. Rh5+ Kg6 38.
Rxc7 Rxa4 39. Rc6 b5 40. Rxd6+ Kg7 41. Rxe5 b4 42. Re7+ Kf8 43. Ra7 Ke8 44.
Rh6 {Black resigns} 1-0

[Event "ICC tourney 2715 (40 10)"]
[Site "Internet Chess Club"]
[Date "2021.10.23"]
[Round "2"]
[White "CHAN, ETHAN:ChessyEthan"]
[Black "SHAN, ERIC:EricShan"]
[Result "1-0"]
[ICCResult "Black resigns"]
[WhiteElo "1382"]
[BlackElo "1582"]
[Opening "Sicilian: Smith-Morra gambit"]
[ECO "B21"]
[NIC "SI.48"]
[Time "13:15:27"]
[PlyCount "49"]
[TimeControl "2400+10"]

1. e4 c5 2. d4 cxd4 3. c3 dxc3 4. Nxc3 Nc6 5. Nf3 e6 6. Bc4 Bb4 7. O-O h6 8.
Qc2 Nge7 9. Rd1 b6 10. Nd5 exd5 11. exd5 Na5 12. d6 Ng6 13. Qe4+ Kf8 14.
Qxa8 Nxc4 15. Qe4 b5 16. b3 Bc3 17. Rb1 Nce5 18. Bb2 Bxb2 19. Rxb2 f6 20.
Rc2 Kf7 21. Qd5+ Kf8 22. Qa8 Nc6 23. Nd4 Nge5 24. f4 Nxd4 25. Rxc8
{Black resigns}
1-0

[Event "ICC tourney 2715 (40 10)"]
[Site "Internet Chess Club"]
[Date "2021.10.23"]
[Round "2"]
[White "MOSS, MARVIN:mmoss2932"]
[Black "Liao, Connor:che2468"]
[Result "0-1"]
[ICCResult "White resigns"]
[WhiteElo "1459"]
[BlackElo "1343"]
[Opening "QGD: Cambridge Springs defense, Bogolyubov variation"]
[ECO "D52"]
[NIC "QO.15"]
[Time "13:15:25"]
[PlyCount "50"]
[TimeControl "2400+10"]

1. d4 d5 2. c4 c6 3. Nc3 Nf6 4. Nf3 e6 5. Bg5 Nbd7 6. e3 Qa5 7. Nd2 Bb4 8.
Qc2 dxc4 9. Bxf6 Nxf6 10. Nxc4 Qg5 11. Ne5 Nd5 12. a3 Bd6 13. Ne4 Qd8 14.
Nxc6 Qc7 15. Nxd6+ Qxd6 16. Ne5 O-O 17. Bd3 h6 18. O-O Bd7 19. Qe2 Ba4 20.
Rac1 Rac8 21. Qf3 Qb6 22. Rxc8 Nf6 23. Rxf8+ Kxf8 24. Qxf6 gxf6 25. Nd7+
Bxd7 {White resigns} 0-1